 Dungeon Crawl Stone Soup version 0.19.5 (webtiles) character file.

232 Gitz the Shield-Bearer (level 5, -5/53 HPs)
             Began as a Troll Fighter on May 24, 2017.
             Killed from afar by an orc wizard (7 damage)
             ... with a puff of flame
             ... on level 4 of the Dungeon.
             The game lasted 00:06:27 (2360 turns).

Gitz the Shield-Bearer (Troll Fighter)              Turns: 2360, Time: 00:06:28

Health: -5/53      AC:  5    Str: 25    XL:     5   Next: 73%
Magic:  4/4        EV:  9    Int:  4    God:
Gold:   168        SH:  9    Dex:  9    Spells: 0 memorised, 4 levels left

rFire  . . .     SeeInvis +     a - +0 flail
rCold  . . .     Gourm    +     b - +0 robe
rNeg   . . .     Faith    .     c - +0 shield
rPois  .         Spirit   .     (helmet restricted)
rElec  .         Reflect  .     (no cloak)
rCorr  .         Harm     .     (gloves unavailable)
MR     .....                    (boots unavailable)
Stlth  +.........               (no amulet)
                                (no ring)
                                j - ring of see invisible

@: lethally poisoned (-5 -> -5)
A: unfitting armour, claws 3, fast metabolism 3, gourmand, regeneration 1,
shaggy fur 1, tough skin 2
a: no special abilities


You were on level 4 of the Dungeon.
You were completely stuffed.

You visited 1 branch of the dungeon, and saw 4 of its levels.

You collected 168 gold pieces.

Inventory:

Hand Weapons
 a - a +0 flail (weapon)
Missiles
 t - 4 javelins (quivered)
Armour
 b - a +0 robe (worn)
 c - a +0 shield (worn)
Jewellery
 j - a ring of see invisible (left claw)
Scrolls
 h - 2 scrolls of remove curse {unknown}
 i - a scroll of magic mapping {unknown}
 k - a scroll of amnesia {unknown}
 n - 5 scrolls of teleportation {unknown}
 s - a scroll of identify {unknown}
 v - 2 scrolls of recharging {unknown}
Potions
 d - a potion of might
 e - a potion of magic {unknown}
 g - a potion of agility {unknown}
 m - a potion of flight {unknown}
 o - a potion of cancellation {unknown}
 p - a potion of mutation {unknown}
 q - 2 potions of berserk rage {unknown}
Comestibles
 f - 7 bread rations
 l - 2 chunks of flesh
 r - a meat ration
 u - a fruit
 w - a slice of pizza


   Skills:
 * Level 3.2 Fighting
 + Level 3.0 Maces & Flails
 + Level 3.1 Dodging
 * Level 3.9 Shields


You had 4 spell levels left.
You didn't know any spells.

Dungeon Overview and Level Annotations

Branches:
Dungeon (4/15)
 Temple: D:4-7

Altars:
Vehumet
Xom


Innate Abilities, Weirdness & Mutations

You are too large for most types of armour.
You have claws for hands.
Your metabolism is lightning-fast.
You like to eat raw meat.
Your natural rate of healing is unusually fast.
You are covered in fur. (AC +1)
You have very tough skin. (AC +2)


Message History

You sock the orc wizard!
You kill the orc wizard!
Your Maces & Flails skill increases to level 3!
You feel sick.
The orc priest invokes the aid of Beogh against you.
Beogh smites you!
* * * LOW HITPOINT WARNING * * *
The orc priest calls down the wrath of Beogh upon you.
The orc wizard writhes in agony!
The orc priest begins to cast a cantrip, but forgets the words!
You hit the orc wizard but do no damage.
The orc wizard is severely wounded.
The orc wizard casts a spell at you. You resist with some effort.
The orc priest invokes the aid of Beogh against you.
Beogh smites you!
* * * LOW HITPOINT WARNING * * *
The orc wizard gestures at you while chanting.
The puff of flame hits you!
You die...

........#####.#####.#.#.
........+...............
........#####.#####.###.
.....o..'........##.# #
.......o#####....##..
#######o# #....#####
#o#####....#
#.##.......#
#@##.......#
#..........#
#..........#
#.......#### .(........#
###########


You could see 2 orc priests and an orc wizard (invisible).

Vanquished Creatures
  An orc wizard (D:4)
  Robin (D:2)
  4 gnolls (D:4)
  6 adders
  2 worms
  A dart slug (D:1)
  A leopard gecko (D:2)
  6 orcs (D:3)
  A ball python (D:2)
  5 giant cockroaches
  14 goblins
  8 hobgoblins
  6 jackals (D:3)
  5 quokkas
  9 bats
  5 frilled lizards
  4 kobolds
  8 rats
87 creatures vanquished.

Notes
Turn   | Place    | Note
-------+----------+-------------------------------------------
     0 | D:1      | Gitz the Troll Fighter began the quest for the Orb.
     0 | D:1      | Reached XP level 1. HP: 22/22 MP: 0/0
   194 | D:1      | Reached XP level 2. HP: 27/29 MP: 1/1
   720 | D:2      | Noticed Robin
   741 | D:2      | Killed Robin
   741 | D:2      | Reached XP level 3. HP: 23/36 MP: 2/2
   973 | D:2      | Reached XP level 4. HP: 40/44 MP: 3/3
  1003 | D:2      | Found a radiant altar of Vehumet.
  1078 | D:2      | Found a shimmering altar of Xom.
  1679 | D:3      | Reached XP level 5. HP: 5/52 MP: 4/4
  1723 | D:3      | HP: 2/53 [orc/mace (5)]
  2359 | D:4      | HP: 2/53 [orc priest/divine providence (12)]
  2360 | D:4      | Killed from afar by an orc wizard

Skill      XL: |  1  2  3  4  5 |
---------------+----------------+-----
Maces & Flails | 2 3 |  3.0
Shields        | 3 |  3.9
Dodging        | 3 |  3.1
Fighting       | 3 |  3.2

Action                   |  1- 3 |  4- 6 || total
-------------------------+-------+-------++-------
Melee: Flail             |   162 |   222 ||   384
 Stab: Sleeping          |     1 |     1 ||     2
  Eat: Chunk             |    15 |    14 ||    29
Armor: Robe              |    73 |   146 ||   219
Dodge: Dodged            |    68 |   149 ||   217
Block: Shield            |    94 |   190 ||   284
